Workbook

Sheet EXコーポ組織登録票【取りまとめ組織用】
A1: ユーシーカード株式会社 | P1: 御中 | BM1: 年 | BR1: 月 | BW1: 日
A2: 東海旅客鉄道株式会社 | BX2: ＜記入後 B ＞
A4: UCカードエクスプレスコーポレート組織登録票
A5: （取りまとめ組織用）
A7: ●（既存契約ありの場合）赤枠内は必ずご記入ください。無記入・不備がある場合は返却させていただく場合がございます。
A8: ●項番６～７について「UCコーポ請求・明細書ダウンロードサービス」をご利用いただく場合はご記入不要です。
A9: ●項番６～８についてご指定の無い場合は規定値を設定させていただきます。
A10: 法 人 コ ー ド | O10: 1 | Q10: 1 | S10: 1 | U10: 1 | W10: 4 | Y10: 8 | AA10: 9 | AC10: 0
A11: 会 社 名
A13: ＜登録組織の情報＞
A14: 1 | C14: 組織コード （左詰め） | K14: 第一組織コード
A16: 2 | F16: フリガナ
C17: 組織名 （１９文字以内）
A19: 3 | F19: フリガナ
C21: 所在地 | K21: 〒
A24: 4 | E24: フリガナ | AP24: フリガナ
C25: 管理責任者 氏名 | AN25: 部署役職 (25文字以内）
C27: 管理責任者 メールアドレス
D28: 注意事項 | I28: ※WEB入会をご希望される方はメールアドレスのご記入が必須となります。ＷＥＢ入会に関する当社からのご案内メールをお送りする際に使用します。
A29: 5 | E29: フリガナ | AP29: フリガナ
C30: 連絡担当者 氏名 | AN30: 部署役職 (25文字以内）
AT31: ＴＥＬ | AX31: （ | BE31: ） | BL31: -
AT32: ＦＡＸ | AX32: （ | BE32: ） | BL32: -
A33: 6 | C33: 請求書類 （請求明細書） | I33: 作成部数 [ 規定値：１部 ] | AC33: 宛先 [ 規定値：連絡担当者 ]
K35: １．１部 | Q35: ２．２部 | W35: ３．３部 | AE35: １．連絡担当者 | AN35: ２．管理責任者 | AX35: ３．他の組織
BZ36: ✓
A37: 7 | C37: 請求書類 （利用内容明細書） | I37: 作成部数 [ 規定値：１部 ] | AC37: 宛先 [ 規定値：連絡担当者 ]
K39: １．１部 | Q39: ２．２部 | W39: ３．３部 | AE39: １．連絡担当者 | AN39: ２．管理責任者 | AX39: ３．他の組織 | BF39: 送付先組織コード | BT39: ４．個人宛
A41: 8 | C41: カード 送付先 | I41: 送付先 [ 規定値：管理責任者 ] | BG41: カード会社使用欄
BG42: 利用単位区分 ： ２．非利用単位 決済単位区分 ： ２．非決済単位 疑似組織区分 ： ２．取りまとめ組織
K43: １．連絡担当者 | T43: ２．管理責任者 | AD43: ３．他の組織 | AL43: 送付先組織コード | BA43: ４．個人宛
A46: ●組織決済方式の企業様は以下もご記入ください
A47: お支払方法 | I47: 決済日（振込日）
C49: １．振込入金 | I49: 翌月 | O49: 日
C51: ２．口座引落 | I51: 翌月５日（固定）
AI54: ※お支払方法が「口座引落」の場合は下記預金口座振替依頼書もご記入ください。
BO60: U与管-1-426 改 25.08（1/3）
A64: 預金口座振替依頼書・収納代行依頼書
A65: 自動払込利用申込書 | N65: （ | O65: 収 | Q65: ・ | R65: 加 | T65: ）
W66: 1 | X66: 4 | Y66: 8 | Z66: 9
A67: （コーポレートカード・会社一括決済用）
A69: 振替日・払込日 毎月5日（金融機関休業日の場合は翌営業日） | AD69: いずれか一方をご指定のうえご記入ください。 | BD69: 年 月 日
BZ70: １．普通・総合
A71: 収 納 企業名 | E71: １．ユーシーカード株式会社 | AG71: 金融機関(ゆうちょ銀行除く) | AI71: 金 融 機関名 | BD71: １ | BF71: 銀行 | BK71: ２ | BM71: 信用金庫 | BR71: ３ | BT71: 労働金庫 | BZ71: ２．当座
E72: ２．ユーシーカード株式会社（SMT） | BD72: ４ | BF72: 信用組合 | BK72: ５ | BM72: 農業協同組合
E73: ３．
A74: 私が上記収納企業（以下「甲」という）から請求された金額を甲に支払うについては、貴社・ 貴行・貴金庫・貴組合（以下総称して「乙」という）における私名義の右記口座から当該金額を 引落しの上支払われたく、下記事項確約の上依頼します。（ゆうちょ銀行の自動払込みを除く） 記 １．甲の私に対する請求金額を記載した引落依頼書が甲から乙に送付された場合は、甲の 指定する日（当日が金融機関休業日の場合は翌営業日）に当該金額を右記口座より、乙の 普通預金規定または当該勘定規定等にかかわらず、普通預金通帳、同払戻請求書または 当座小切手なしで引落しの上、甲の口座へお振込みください。 ２．万一、支払日に私の指定した口座の残高が不足し、甲から送付された引落依頼書の金額 の全部を引落しできない場合は、私に通知することなく引落依頼書を甲に返戻されても、 また任意の金額を支払日以降任意の日に引落しのうえ、振込資金の一部に充当されても 異議ありません。 ３．この契約を解除するときは、私から乙に書面により届出ます。なお、この届出がないまま 長期間にわたり、甲から請求がない等相当の事由があるときは、とくに申出をしない限り 乙はこの契約が終了したものとして取扱ってさしつかえありません。 ４．後日、本取扱いに関し万一紛議を生じた場合は、乙の責によるものを除き、乙に対して 迷惑損害をかけません。 ※ゆうちょ銀行をご指定の場合は自動払込み規定が適用されます。 以 上 | AI74: 支店名 | BJ74: 支店 | BM74: 御中 | BP74: ※ | BQ74: 本店ご利用の場合は左記
BJ75: 出張所 | BQ75: に「本店」とご記入ください。
AI76: 預 金 種 目 | BD76: 口 座 番 号 | BL76: 右づめでご記入ください▼
AI77: １ | AK77: 普通（総合） | AP77: ２ | AR77: 当座
AG79: ゆうちょ銀行 | AI79: 記 号 | BA79: 番 号 | BL79: 右づめでご記入ください▼
AI80: １ | AU80: ０ | AX80: ※
AR82: 契約種別コード | BC82: 払込先口座番号 | BK82: 払込先加入者名
AR83: 30 | BC83: 00170-9-64634 | BK83: ユーシーカード株式会社
AG84: ※通帳の記号のあとにハイフンと数字がある場合は※欄にご記入ください。
AG85: 口座名義人 | AI85: フリガナ
A88: 使用欄 カード会社
D89: 法人コード | I89: 1 | J89: 1 | K89: 1 | L89: 1 | M89: 4 | N89: 8 | O89: 9 | P89: 0
AG90: *肩書・代表者名を必ずご記入ください。
D91: 受付日 | AV91: (サイン取引の 方はサイン） 金融機関届出印 | BL91: (サイン取引の 方はサイン） 金融機関届出印 押し直し欄
AG92: *一部ネット銀行など、金融機関届出印やサインなどのお取引きをされていない場合、空欄のままご返送ください。
A94: 金融機関使用欄 | B94: （不備返却事由） １．印相違 ２．印鑑不鮮明 ３．記号、番号相違 ４．口座該当なし ５．名義人相違 6．支店名相違 7．サイン取引 8.（ ） | L94: 検印 | P94: 印鑑照合 | U94: 不 備 送 付 先
U95: 〒170-0013
U96: 東京都豊島区東池袋4-7-7 住友不動産池袋東ﾋﾞﾙ
U97: ユーシーカード株式会社 | AG97: 金融機関 | AN97: 支 店
U98: 事務サービス第一部 | AG98: コード | AN98: コード
U99: 事務課 口座・カード係 口座修正担当

Sheet EXコーポ組織登録票【部署組織用】 
A1: ユーシーカード株式会社 | P1: 御中 | BI1: =IF(EXコーポ組織登録票【取りまとめ組織用】!BI1="","",EXコーポ組織登録票【取りまとめ組織用】!BI1)
A2: 東海旅客鉄道株式会社 | BX2: ＜記入後 B ＞
A4: UCカードエクスプレスコーポレート組織登録票
A5: （部署組織用）
A7: ●（既存契約ありの場合）赤枠内は必ずご記入ください。無記入・不備がある場合は返却させていただく場合がございます。
A8: ●項番６～７について「UCコーポ請求・明細書ダウンロードサービス」をご利用いただく場合はご記入不要です。
A9: ●項番６～８についてご指定の無い場合は規定値を設定させていただきます。
A10: 法 人 コ ー ド | O10: 1 | Q10: 1 | S10: 1 | U10: 1 | W10: 4 | Y10: 8 | AA10: 9 | AC10: 0 | AE10: =IF(EXコーポ組織登録票【取りまとめ組織用】!AE10="","",EXコーポ組織登録票【取りまとめ組織用】!AE10) | AG10: =IF(EXコーポ組織登録票【取りまとめ組織用】!AG10="","",EXコーポ組織登録票【取りまとめ組織用】!AG10) | AI10: =IF(EXコーポ組織登録票【取りまとめ組織用】!AI10="","",EXコーポ組織登録票【取りまとめ組織用】!AI10) | AK10: =IF(EXコーポ組織登録票【取りまとめ組織用】!AK10="","",EXコーポ組織登録票【取りまとめ組織用】!AK10) | AM10: =IF(EXコーポ組織登録票【取りまとめ組織用】!AM10="","",EXコーポ組織登録票【取りまとめ組織用】!AM10) | AO10: =IF(EXコーポ組織登録票【取りまとめ組織用】!AO10="","",EXコーポ組織登録票【取りまとめ組織用】!AO10)
A11: 会 社 名 | O11: =IF(EXコーポ組織登録票【取りまとめ組織用】!O11="","",EXコーポ組織登録票【取りまとめ組織用】!O11)
A13: ＜登録組織の情報＞
A14: 1 | C14: 組織コード （左詰め） | K14: 第一組織コード | AE14: 第二組織コード
K15: =IF(EXコーポ組織登録票【取りまとめ組織用】!K15="","",EXコーポ組織登録票【取りまとめ組織用】!K15) | M15: =IF(EXコーポ組織登録票【取りまとめ組織用】!M15="","",EXコーポ組織登録票【取りまとめ組織用】!M15) | O15: =IF(EXコーポ組織登録票【取りまとめ組織用】!O15="","",EXコーポ組織登録票【取りまとめ組織用】!O15) | Q15: =IF(EXコーポ組織登録票【取りまとめ組織用】!Q15="","",EXコーポ組織登録票【取りまとめ組織用】!Q15) | S15: =IF(EXコーポ組織登録票【取りまとめ組織用】!S15="","",EXコーポ組織登録票【取りまとめ組織用】!S15) | U15: =IF(EXコーポ組織登録票【取りまとめ組織用】!U15="","",EXコーポ組織登録票【取りまとめ組織用】!U15) | W15: =IF(EXコーポ組織登録票【取りまとめ組織用】!W15="","",EXコーポ組織登録票【取りまとめ組織用】!W15) | Y15: =IF(EXコーポ組織登録票【取りまとめ組織用】!Y15="","",EXコーポ組織登録票【取りまとめ組織用】!Y15) | AA15: =IF(EXコーポ組織登録票【取りまとめ組織用】!AA15="","",EXコーポ組織登録票【取りまとめ組織用】!AA15) | AC15: =IF(EXコーポ組織登録票【取りまとめ組織用】!AC15="","",EXコーポ組織登録票【取りまとめ組織用】!AC15) | AE15: A
A16: 2 | F16: フリガナ | K16: =IF(EXコーポ組織登録票【取りまとめ組織用】!K16="","",EXコーポ組織登録票【取りまとめ組織用】!K16) | M16: =IF(EXコーポ組織登録票【取りまとめ組織用】!M16="","",EXコーポ組織登録票【取りまとめ組織用】!M16) | O16: =IF(EXコーポ組織登録票【取りまとめ組織用】!O16="","",EXコーポ組織登録票【取りまとめ組織用】!O16) | Q16: =IF(EXコーポ組織登録票【取りまとめ組織用】!Q16="","",EXコーポ組織登録票【取りまとめ組織用】!Q16) | S16: =IF(EXコーポ組織登録票【取りまとめ組織用】!S16="","",EXコーポ組織登録票【取りまとめ組織用】!S16) | U16: =IF(EXコーポ組織登録票【取りまとめ組織用】!U16="","",EXコーポ組織登録票【取りまとめ組織用】!U16) | W16: =IF(EXコーポ組織登録票【取りまとめ組織用】!W16="","",EXコーポ組織登録票【取りまとめ組織用】!W16) | Y16: =IF(EXコーポ組織登録票【取りまとめ組織用】!Y16="","",EXコーポ組織登録票【取りまとめ組織用】!Y16) | AA16: =IF(EXコーポ組織登録票【取りまとめ組織用】!AA16="","",EXコーポ組織登録票【取りまとめ組織用】!AA16) | AC16: =IF(EXコーポ組織登録票【取りまとめ組織用】!AC16="","",EXコーポ組織登録票【取りまとめ組織用】!AC16) | AE16: =IF(EXコーポ組織登録票【取りまとめ組織用】!AE16="","",EXコーポ組織登録票【取りまとめ組織用】!AE16) | AG16: =IF(EXコーポ組織登録票【取りまとめ組織用】!AG16="","",EXコーポ組織登録票【取りまとめ組織用】!AG16) | AI16: =IF(EXコーポ組織登録票【取りまとめ組織用】!AI16="","",EXコーポ組織登録票【取りまとめ組織用】!AI16) | AK16: =IF(EXコーポ組織登録票【取りまとめ組織用】!AK16="","",EXコーポ組織登録票【取りまとめ組織用】!AK16) | AM16: =IF(EXコーポ組織登録票【取りまとめ組織用】!AM16="","",EXコーポ組織登録票【取りまとめ組織用】!AM16) | AO16: =IF(EXコーポ組織登録票【取りまとめ組織用】!AO16="","",EXコーポ組織登録票【取りまとめ組織用】!AO16) | AQ16: =IF(EXコーポ組織登録票【取りまとめ組織用】!AQ16="","",EXコーポ組織登録票【取りまとめ組織用】!AQ16) | AS16: =IF(EXコーポ組織登録票【取りまとめ組織用】!AS16="","",EXコーポ組織登録票【取りまとめ組織用】!AS16) | AU16: =IF(EXコーポ組織登録票【取りまとめ組織用】!AU16="","",EXコーポ組織登録票【取りまとめ組織用】!AU16) | AW16: =IF(EXコーポ組織登録票【取りまとめ組織用】!AW16="","",EXコーポ組織登録票【取りまとめ組織用】!AW16)
C17: 組織名 （１０文字以内） | K17: =MID(EXコーポ組織登録票【取りまとめ組織用】!K17,1,10)
A19: 3 | F19: フリガナ | K19: =IF(EXコーポ組織登録票【取りまとめ組織用】!K19="","",EXコーポ組織登録票【取りまとめ組織用】!K19) | M19: =IF(EXコーポ組織登録票【取りまとめ組織用】!M19="","",EXコーポ組織登録票【取りまとめ組織用】!M19) | O19: =IF(EXコーポ組織登録票【取りまとめ組織用】!O19="","",EXコーポ組織登録票【取りまとめ組織用】!O19) | Q19: =IF(EXコーポ組織登録票【取りまとめ組織用】!Q19="","",EXコーポ組織登録票【取りまとめ組織用】!Q19) | S19: =IF(EXコーポ組織登録票【取りまとめ組織用】!S19="","",EXコーポ組織登録票【取りまとめ組織用】!S19) | U19: =IF(EXコーポ組織登録票【取りまとめ組織用】!U19="","",EXコーポ組織登録票【取りまとめ組織用】!U19) | W19: =IF(EXコーポ組織登録票【取りまとめ組織用】!W19="","",EXコーポ組織登録票【取りまとめ組織用】!W19) | Y19: =IF(EXコーポ組織登録票【取りまとめ組織用】!Y19="","",EXコーポ組織登録票【取りまとめ組織用】!Y19) | AA19: =IF(EXコーポ組織登録票【取りまとめ組織用】!AA19="","",EXコーポ組織登録票【取りまとめ組織用】!AA19) | AC19: =IF(EXコーポ組織登録票【取りまとめ組織用】!AC19="","",EXコーポ組織登録票【取りまとめ組織用】!AC19) | AE19: =IF(EXコーポ組織登録票【取りまとめ組織用】!AE19="","",EXコーポ組織登録票【取りまとめ組織用】!AE19) | AG19: =IF(EXコーポ組織登録票【取りまとめ組織用】!AG19="","",EXコーポ組織登録票【取りまとめ組織用】!AG19) | AI19: =IF(EXコーポ組織登録票【取りまとめ組織用】!AI19="","",EXコーポ組織登録票【取りまとめ組織用】!AI19) | AK19: =IF(EXコーポ組織登録票【取りまとめ組織用】!AK19="","",EXコーポ組織登録票【取りまとめ組織用】!AK19) | AM19: =IF(EXコーポ組織登録票【取りまとめ組織用】!AM19="","",EXコーポ組織登録票【取りまとめ組織用】!AM19) | AO19: =IF(EXコーポ組織登録票【取りまとめ組織用】!AO19="","",EXコーポ組織登録票【取りまとめ組織用】!AO19) | AQ19: =IF(EXコーポ組織登録票【取りまとめ組織用】!AQ19="","",EXコーポ組織登録票【取りまとめ組織用】!AQ19) | AS19: =IF(EXコーポ組織登録票【取りまとめ組織用】!AS19="","",EXコーポ組織登録票【取りまとめ組織用】!AS19) | AU19: =IF(EXコーポ組織登録票【取りまとめ組織用】!AU19="","",EXコーポ組織登録票【取りまとめ組織用】!AU19) | AW19: =IF(EXコーポ組織登録票【取りまとめ組織用】!AW19="","",EXコーポ組織登録票【取りまとめ組織用】!AW19) | AY19: =IF(EXコーポ組織登録票【取りまとめ組織用】!AY19="","",EXコーポ組織登録票【取りまとめ組織用】!AY19) | BA19: =IF(EXコーポ組織登録票【取りまとめ組織用】!BA19="","",EXコーポ組織登録票【取りまとめ組織用】!BA19) | BC19: =IF(EXコーポ組織登録票【取りまとめ組織用】!BC19="","",EXコーポ組織登録票【取りまとめ組織用】!BC19) | BE19: =IF(EXコーポ組織登録票【取りまとめ組織用】!BE19="","",EXコーポ組織登録票【取りまとめ組織用】!BE19) | BG19: =IF(EXコーポ組織登録票【取りまとめ組織用】!BG19="","",EXコーポ組織登録票【取りまとめ組織用】!BG19) | BI19: =IF(EXコーポ組織登録票【取りまとめ組織用】!BI19="","",EXコーポ組織登録票【取りまとめ組織用】!BI19) | BK19: =IF(EXコーポ組織登録票【取りまとめ組織用】!BK19="","",EXコーポ組織登録票【取りまとめ組織用】!BK19) | BM19: =IF(EXコーポ組織登録票【取りまとめ組織用】!BM19="","",EXコーポ組織登録票【取りまとめ組織用】!BM19) | BO19: =IF(EXコーポ組織登録票【取りまとめ組織用】!BO19="","",EXコーポ組織登録票【取りまとめ組織用】!BO19) | BQ19: =IF(EXコーポ組織登録票【取りまとめ組織用】!BQ19="","",EXコーポ組織登録票【取りまとめ組織用】!BQ19) | BS19: =IF(EXコーポ組織登録票【取りまとめ組織用】!BS19="","",EXコーポ組織登録票【取りまとめ組織用】!BS19) | BU19: =IF(EXコーポ組織登録票【取りまとめ組織用】!BU19="","",EXコーポ組織登録票【取りまとめ組織用】!BU19) | BW19: =IF(EXコーポ組織登録票【取りまとめ組織用】!BW19="","",EXコーポ組織登録票【取りまとめ組織用】!BW19)
K20: =IF(EXコーポ組織登録票【取りまとめ組織用】!K20="","",EXコーポ組織登録票【取りまとめ組織用】!K20) | M20: =IF(EXコーポ組織登録票【取りまとめ組織用】!M20="","",EXコーポ組織登録票【取りまとめ組織用】!M20) | O20: =IF(EXコーポ組織登録票【取りまとめ組織用】!O20="","",EXコーポ組織登録票【取りまとめ組織用】!O20) | Q20: =IF(EXコーポ組織登録票【取りまとめ組織用】!Q20="","",EXコーポ組織登録票【取りまとめ組織用】!Q20) | S20: =IF(EXコーポ組織登録票【取りまとめ組織用】!S20="","",EXコーポ組織登録票【取りまとめ組織用】!S20) | U20: =IF(EXコーポ組織登録票【取りまとめ組織用】!U20="","",EXコーポ組織登録票【取りまとめ組織用】!U20) | W20: =IF(EXコーポ組織登録票【取りまとめ組織用】!W20="","",EXコーポ組織登録票【取りまとめ組織用】!W20) | Y20: =IF(EXコーポ組織登録票【取りまとめ組織用】!Y20="","",EXコーポ組織登録票【取りまとめ組織用】!Y20) | AA20: =IF(EXコーポ組織登録票【取りまとめ組織用】!AA20="","",EXコーポ組織登録票【取りまとめ組織用】!AA20) | AC20: =IF(EXコーポ組織登録票【取りまとめ組織用】!AC20="","",EXコーポ組織登録票【取りまとめ組織用】!AC20) | AE20: =IF(EXコーポ組織登録票【取りまとめ組織用】!AE20="","",EXコーポ組織登録票【取りまとめ組織用】!AE20) | AG20: =IF(EXコーポ組織登録票【取りまとめ組織用】!AG20="","",EXコーポ組織登録票【取りまとめ組織用】!AG20) | AI20: =IF(EXコーポ組織登録票【取りまとめ組織用】!AI20="","",EXコーポ組織登録票【取りまとめ組織用】!AI20) | AK20: =IF(EXコーポ組織登録票【取りまとめ組織用】!AK20="","",EXコーポ組織登録票【取りまとめ組織用】!AK20) | AM20: =IF(EXコーポ組織登録票【取りまとめ組織用】!AM20="","",EXコーポ組織登録票【取りまとめ組織用】!AM20) | AO20: =IF(EXコーポ組織登録票【取りまとめ組織用】!AO20="","",EXコーポ組織登録票【取りまとめ組織用】!AO20) | AQ20: =IF(EXコーポ組織登録票【取りまとめ組織用】!AQ20="","",EXコーポ組織登録票【取りまとめ組織用】!AQ20) | AS20: =IF(EXコーポ組織登録票【取りまとめ組織用】!AS20="","",EXコーポ組織登録票【取りまとめ組織用】!AS20)
C21: 所在地 | K21: =IF(EXコーポ組織登録票【取りまとめ組織用】!K21="","",EXコーポ組織登録票【取りまとめ組織用】!K21) -> 〒
K22: =IF(EXコーポ組織登録票【取りまとめ組織用】!K22="","",EXコーポ組織登録票【取りまとめ組織用】!K22)
A24: 4 | E24: フリガナ | I24: =IF(EXコーポ組織登録票【取りまとめ組織用】!I24="","",EXコーポ組織登録票【取りまとめ組織用】!I24) | AP24: フリガナ | AT24: =IF(EXコーポ組織登録票【取りまとめ組織用】!AT24="","",EXコーポ組織登録票【取りまとめ組織用】!AT24)
C25: 管理責任者 氏名 | I25: =IF(EXコーポ組織登録票【取りまとめ組織用】!I25="","",EXコーポ組織登録票【取りまとめ組織用】!I25) | AN25: 部署役職 (25文字以内） | AT25: =IF(EXコーポ組織登録票【取りまとめ組織用】!AT25="","",EXコーポ組織登録票【取りまとめ組織用】!AT25)
C27: 管理責任者 メールアドレス
D28: 注意事項 | I28: ※WEB入会をご希望される方はメールアドレスのご記入が必須となります。ＷＥＢ入会に関する当社からのご案内メールをお送りする際に使用します。
A29: 5 | E29: フリガナ | I29: =IF(EXコーポ組織登録票【取りまとめ組織用】!I29="","",EXコーポ組織登録票【取りまとめ組織用】!I29) | AP29: フリガナ | AT29: =IF(EXコーポ組織登録票【取りまとめ組織用】!AT29="","",EXコーポ組織登録票【取りまとめ組織用】!AT29)
C30: 連絡担当者 氏名 | I30: =IF(EXコーポ組織登録票【取りまとめ組織用】!I30="","",EXコーポ組織登録票【取りまとめ組織用】!I30) | AN30: 部署役職 (25文字以内） | AT30: =IF(EXコーポ組織登録票【取りまとめ組織用】!AT30="","",EXコーポ組織登録票【取りまとめ組織用】!AT30)
AT31: ＴＥＬ | AX31: （ | AY31: =IF(EXコーポ組織登録票【取りまとめ組織用】!AY31="","",EXコーポ組織登録票【取りまとめ組織用】!AY31) | BE31: ） | BF31: =IF(EXコーポ組織登録票【取りまとめ組織用】!BF31="","",EXコーポ組織登録票【取りまとめ組織用】!BF31) | BL31: - | BM31: =IF(EXコーポ組織登録票【取りまとめ組織用】!BM31="","",EXコーポ組織登録票【取りまとめ組織用】!BM31)
AT32: ＦＡＸ | AX32: （ | AY32: =IF(EXコーポ組織登録票【取りまとめ組織用】!AY32="","",EXコーポ組織登録票【取りまとめ組織用】!AY32) | BE32: ） | BF32: =IF(EXコーポ組織登録票【取りまとめ組織用】!BF32="","",EXコーポ組織登録票【取りまとめ組織用】!BF32) | BL32: - | BM32: =IF(EXコーポ組織登録票【取りまとめ組織用】!BM32="","",EXコーポ組織登録票【取りまとめ組織用】!BM32)
A33: 6 | C33: 請求書類 （請求明細書） | I33: 作成部数 [ 規定値：１部 ] | AC33: 宛先 [ 規定値：連絡担当者 ]
I35: =IF(EXコーポ組織登録票【取りまとめ組織用】!I35="","",EXコーポ組織登録票【取りまとめ組織用】!I35) | K35: １．１部 | O35: =IF(EXコーポ組織登録票【取りまとめ組織用】!O35="","",EXコーポ組織登録票【取りまとめ組織用】!O35) | Q35: ２．２部 | U35: =IF(EXコーポ組織登録票【取りまとめ組織用】!U35="","",EXコーポ組織登録票【取りまとめ組織用】!U35) | W35: ３．３部 | AC35: =IF(EXコーポ組織登録票【取りまとめ組織用】!AC35="","",EXコーポ組織登録票【取りまとめ組織用】!AC35) | AE35: １．連絡担当者 | AL35: =IF(EXコーポ組織登録票【取りまとめ組織用】!AL35="","",EXコーポ組織登録票【取りまとめ組織用】!AL35) | AN35: ２．管理責任者 | AV35: =IF(EXコーポ組織登録票【取りまとめ組織用】!AV35="","",EXコーポ組織登録票【取りまとめ組織用】!AV35) | AX35: ３．他の組織 | BF35: =IF(EXコーポ組織登録票【取りまとめ組織用】!BF35="","",EXコーポ組織登録票【取りまとめ組織用】!BF35)
A37: 7 | C37: 請求書類 （利用内容明細書） | I37: 作成部数 [ 規定値：１部 ] | AC37: 宛先 [ 規定値：連絡担当者 ]
I39: =IF(EXコーポ組織登録票【取りまとめ組織用】!I39="","",EXコーポ組織登録票【取りまとめ組織用】!I39) | K39: １．１部 | O39: =IF(EXコーポ組織登録票【取りまとめ組織用】!O39="","",EXコーポ組織登録票【取りまとめ組織用】!O39) | Q39: ２．２部 | U39: =IF(EXコーポ組織登録票【取りまとめ組織用】!U39="","",EXコーポ組織登録票【取りまとめ組織用】!U39) | W39: ３．３部 | AC39: =IF(EXコーポ組織登録票【取りまとめ組織用】!AC39="","",EXコーポ組織登録票【取りまとめ組織用】!AC39) | AE39: １．連絡担当者 | AL39: =IF(EXコーポ組織登録票【取りまとめ組織用】!AL39="","",EXコーポ組織登録票【取りまとめ組織用】!AL39) | AN39: ２．管理責任者 | AV39: =IF(EXコーポ組織登録票【取りまとめ組織用】!AV39="","",EXコーポ組織登録票【取りまとめ組織用】!AV39) | AX39: ３．他の組織 | BF39: 送付先組織コード | BR39: =IF(EXコーポ組織登録票【取りまとめ組織用】!BR39="","",EXコーポ組織登録票【取りまとめ組織用】!BR39) | BT39: ４．個人宛
BH40: =IF(EXコーポ組織登録票【取りまとめ組織用】!BH40="","",EXコーポ組織登録票【取りまとめ組織用】!BH40)
A41: 8 | C41: カード 送付先 | I41: 送付先 [ 規定値：管理責任者 ] | BG41: カード会社使用欄
BG42: 利用単位区分 ： １．利用単位 決済単位区分 ： １．利用単位 or ２．非決済単位 疑似組織区分 ： ３．部署組織
I43: =IF(EXコーポ組織登録票【取りまとめ組織用】!I43="","",EXコーポ組織登録票【取りまとめ組織用】!I43) | K43: １．連絡担当者 | R43: =IF(EXコーポ組織登録票【取りまとめ組織用】!R43="","",EXコーポ組織登録票【取りまとめ組織用】!R43) | T43: ２．管理責任者 | AB43: =IF(EXコーポ組織登録票【取りまとめ組織用】!AB43="","",EXコーポ組織登録票【取りまとめ組織用】!AB43) | AD43: ３．他の組織 | AL43: 送付先組織コード | AY43: =IF(EXコーポ組織登録票【取りまとめ組織用】!AY43="","",EXコーポ組織登録票【取りまとめ組織用】!AY43) | BA43: ４．個人宛
AM44: =IF(EXコーポ組織登録票【取りまとめ組織用】!AM44="","",EXコーポ組織登録票【取りまとめ組織用】!AM44)
A46: ●組織決済方式の企業様は以下もご記入ください
A47: お支払方法 | I47: 決済日（振込日）
A49: =IF(EXコーポ組織登録票【取りまとめ組織用】!A49="","",EXコーポ組織登録票【取りまとめ組織用】!A49) | C49: １．振込入金 | I49: =IF(EXコーポ組織登録票【取りまとめ組織用】!I49="","",EXコーポ組織登録票【取りまとめ組織用】!I49) -> 翌月
A51: =IF(EXコーポ組織登録票【取りまとめ組織用】!A51="","",EXコーポ組織登録票【取りまとめ組織用】!A51) | C51: ２．口座引落 | I51: 翌月５日（固定）
AI54: ※お支払方法が「口座引落」の場合は下記預金口座振替依頼書もご記入ください。
BO60: U与管-1-426 改 25.08（2/3）

Sheet EXコーポ組織登録票【個人組織用】 
A1: ユーシーカード株式会社 | P1: 御中 | BI1: =IF(EXコーポ組織登録票【取りまとめ組織用】!BI1="","",EXコーポ組織登録票【取りまとめ組織用】!BI1)
A2: 東海旅客鉄道株式会社 | BX2: ＜記入後 B ＞
A4: UCカードエクスプレスコーポレート組織登録票
A5: （個人組織用）
A7: ●（既存契約ありの場合）赤枠内は必ずご記入ください。無記入・不備がある場合は返却させていただく場合がございます。
A8: ●項番６～７について「UCコーポ請求・明細書ダウンロードサービス」をご利用いただく場合はご記入不要です。
A9: ●項番６～８についてご指定の無い場合は規定値を設定させていただきます。
A10: 法 人 コ ー ド | O10: 1 | Q10: 1 | S10: 1 | U10: 1 | W10: 4 | Y10: 8 | AA10: 9 | AC10: 0 | AE10: =IF(EXコーポ組織登録票【取りまとめ組織用】!AE10="","",EXコーポ組織登録票【取りまとめ組織用】!AE10) | AG10: =IF(EXコーポ組織登録票【取りまとめ組織用】!AG10="","",EXコーポ組織登録票【取りまとめ組織用】!AG10) | AI10: =IF(EXコーポ組織登録票【取りまとめ組織用】!AI10="","",EXコーポ組織登録票【取りまとめ組織用】!AI10) | AK10: =IF(EXコーポ組織登録票【取りまとめ組織用】!AK10="","",EXコーポ組織登録票【取りまとめ組織用】!AK10) | AM10: =IF(EXコーポ組織登録票【取りまとめ組織用】!AM10="","",EXコーポ組織登録票【取りまとめ組織用】!AM10) | AO10: =IF(EXコーポ組織登録票【取りまとめ組織用】!AO10="","",EXコーポ組織登録票【取りまとめ組織用】!AO10)
A11: 会 社 名 | O11: =IF(EXコーポ組織登録票【取りまとめ組織用】!O11="","",EXコーポ組織登録票【取りまとめ組織用】!O11)
A13: ＜登録組織の情報＞
A14: 1 | C14: 組織コード （左詰め） | K14: 第一組織コード | AE14: 第二組織コード
K15: =IF(EXコーポ組織登録票【取りまとめ組織用】!K15="","",EXコーポ組織登録票【取りまとめ組織用】!K15) | M15: =IF(EXコーポ組織登録票【取りまとめ組織用】!M15="","",EXコーポ組織登録票【取りまとめ組織用】!M15) | O15: =IF(EXコーポ組織登録票【取りまとめ組織用】!O15="","",EXコーポ組織登録票【取りまとめ組織用】!O15) | Q15: =IF(EXコーポ組織登録票【取りまとめ組織用】!Q15="","",EXコーポ組織登録票【取りまとめ組織用】!Q15) | S15: =IF(EXコーポ組織登録票【取りまとめ組織用】!S15="","",EXコーポ組織登録票【取りまとめ組織用】!S15) | U15: =IF(EXコーポ組織登録票【取りまとめ組織用】!U15="","",EXコーポ組織登録票【取りまとめ組織用】!U15) | W15: =IF(EXコーポ組織登録票【取りまとめ組織用】!W15="","",EXコーポ組織登録票【取りまとめ組織用】!W15) | Y15: =IF(EXコーポ組織登録票【取りまとめ組織用】!Y15="","",EXコーポ組織登録票【取りまとめ組織用】!Y15) | AA15: =IF(EXコーポ組織登録票【取りまとめ組織用】!AA15="","",EXコーポ組織登録票【取りまとめ組織用】!AA15) | AC15: =IF(EXコーポ組織登録票【取りまとめ組織用】!AC15="","",EXコーポ組織登録票【取りまとめ組織用】!AC15) | AE15: B
A16: 2 | F16: フリガナ | K16: =IF(EXコーポ組織登録票【取りまとめ組織用】!K16="","",EXコーポ組織登録票【取りまとめ組織用】!K16) | M16: =IF(EXコーポ組織登録票【取りまとめ組織用】!M16="","",EXコーポ組織登録票【取りまとめ組織用】!M16) | O16: =IF(EXコーポ組織登録票【取りまとめ組織用】!O16="","",EXコーポ組織登録票【取りまとめ組織用】!O16) | Q16: =IF(EXコーポ組織登録票【取りまとめ組織用】!Q16="","",EXコーポ組織登録票【取りまとめ組織用】!Q16) | S16: =IF(EXコーポ組織登録票【取りまとめ組織用】!S16="","",EXコーポ組織登録票【取りまとめ組織用】!S16) | U16: =IF(EXコーポ組織登録票【取りまとめ組織用】!U16="","",EXコーポ組織登録票【取りまとめ組織用】!U16) | W16: =IF(EXコーポ組織登録票【取りまとめ組織用】!W16="","",EXコーポ組織登録票【取りまとめ組織用】!W16) | Y16: =IF(EXコーポ組織登録票【取りまとめ組織用】!Y16="","",EXコーポ組織登録票【取りまとめ組織用】!Y16) | AA16: =IF(EXコーポ組織登録票【取りまとめ組織用】!AA16="","",EXコーポ組織登録票【取りまとめ組織用】!AA16) | AC16: =IF(EXコーポ組織登録票【取りまとめ組織用】!AC16="","",EXコーポ組織登録票【取りまとめ組織用】!AC16) | AE16: =IF(EXコーポ組織登録票【取りまとめ組織用】!AE16="","",EXコーポ組織登録票【取りまとめ組織用】!AE16) | AG16: =IF(EXコーポ組織登録票【取りまとめ組織用】!AG16="","",EXコーポ組織登録票【取りまとめ組織用】!AG16) | AI16: =IF(EXコーポ組織登録票【取りまとめ組織用】!AI16="","",EXコーポ組織登録票【取りまとめ組織用】!AI16) | AK16: =IF(EXコーポ組織登録票【取りまとめ組織用】!AK16="","",EXコーポ組織登録票【取りまとめ組織用】!AK16) | AM16: =IF(EXコーポ組織登録票【取りまとめ組織用】!AM16="","",EXコーポ組織登録票【取りまとめ組織用】!AM16) | AO16: =IF(EXコーポ組織登録票【取りまとめ組織用】!AO16="","",EXコーポ組織登録票【取りまとめ組織用】!AO16) | AQ16: =IF(EXコーポ組織登録票【取りまとめ組織用】!AQ16="","",EXコーポ組織登録票【取りまとめ組織用】!AQ16) | AS16: =IF(EXコーポ組織登録票【取りまとめ組織用】!AS16="","",EXコーポ組織登録票【取りまとめ組織用】!AS16) | AU16: =IF(EXコーポ組織登録票【取りまとめ組織用】!AU16="","",EXコーポ組織登録票【取りまとめ組織用】!AU16) | AW16: =IF(EXコーポ組織登録票【取りまとめ組織用】!AW16="","",EXコーポ組織登録票【取りまとめ組織用】!AW16)
C17: 組織名 （１９文字以内） | K17: =IF(EXコーポ組織登録票【取りまとめ組織用】!K17="","",EXコーポ組織登録票【取りまとめ組織用】!K17)
A19: 3 | F19: フリガナ | K19: =IF(EXコーポ組織登録票【取りまとめ組織用】!K19="","",EXコーポ組織登録票【取りまとめ組織用】!K19) | M19: =IF(EXコーポ組織登録票【取りまとめ組織用】!M19="","",EXコーポ組織登録票【取りまとめ組織用】!M19) | O19: =IF(EXコーポ組織登録票【取りまとめ組織用】!O19="","",EXコーポ組織登録票【取りまとめ組織用】!O19) | Q19: =IF(EXコーポ組織登録票【取りまとめ組織用】!Q19="","",EXコーポ組織登録票【取りまとめ組織用】!Q19) | S19: =IF(EXコーポ組織登録票【取りまとめ組織用】!S19="","",EXコーポ組織登録票【取りまとめ組織用】!S19) | U19: =IF(EXコーポ組織登録票【取りまとめ組織用】!U19="","",EXコーポ組織登録票【取りまとめ組織用】!U19) | W19: =IF(EXコーポ組織登録票【取りまとめ組織用】!W19="","",EXコーポ組織登録票【取りまとめ組織用】!W19) | Y19: =IF(EXコーポ組織登録票【取りまとめ組織用】!Y19="","",EXコーポ組織登録票【取りまとめ組織用】!Y19) | AA19: =IF(EXコーポ組織登録票【取りまとめ組織用】!AA19="","",EXコーポ組織登録票【取りまとめ組織用】!AA19) | AC19: =IF(EXコーポ組織登録票【取りまとめ組織用】!AC19="","",EXコーポ組織登録票【取りまとめ組織用】!AC19) | AE19: =IF(EXコーポ組織登録票【取りまとめ組織用】!AE19="","",EXコーポ組織登録票【取りまとめ組織用】!AE19) | AG19: =IF(EXコーポ組織登録票【取りまとめ組織用】!AG19="","",EXコーポ組織登録票【取りまとめ組織用】!AG19) | AI19: =IF(EXコーポ組織登録票【取りまとめ組織用】!AI19="","",EXコーポ組織登録票【取りまとめ組織用】!AI19) | AK19: =IF(EXコーポ組織登録票【取りまとめ組織用】!AK19="","",EXコーポ組織登録票【取りまとめ組織用】!AK19) | AM19: =IF(EXコーポ組織登録票【取りまとめ組織用】!AM19="","",EXコーポ組織登録票【取りまとめ組織用】!AM19) | AO19: =IF(EXコーポ組織登録票【取りまとめ組織用】!AO19="","",EXコーポ組織登録票【取りまとめ組織用】!AO19) | AQ19: =IF(EXコーポ組織登録票【取りまとめ組織用】!AQ19="","",EXコーポ組織登録票【取りまとめ組織用】!AQ19) | AS19: =IF(EXコーポ組織登録票【取りまとめ組織用】!AS19="","",EXコーポ組織登録票【取りまとめ組織用】!AS19) | AU19: =IF(EXコーポ組織登録票【取りまとめ組織用】!AU19="","",EXコーポ組織登録票【取りまとめ組織用】!AU19) | AW19: =IF(EXコーポ組織登録票【取りまとめ組織用】!AW19="","",EXコーポ組織登録票【取りまとめ組織用】!AW19) | AY19: =IF(EXコーポ組織登録票【取りまとめ組織用】!AY19="","",EXコーポ組織登録票【取りまとめ組織用】!AY19) | BA19: =IF(EXコーポ組織登録票【取りまとめ組織用】!BA19="","",EXコーポ組織登録票【取りまとめ組織用】!BA19) | BC19: =IF(EXコーポ組織登録票【取りまとめ組織用】!BC19="","",EXコーポ組織登録票【取りまとめ組織用】!BC19) | BE19: =IF(EXコーポ組織登録票【取りまとめ組織用】!BE19="","",EXコーポ組織登録票【取りまとめ組織用】!BE19) | BG19: =IF(EXコーポ組織登録票【取りまとめ組織用】!BG19="","",EXコーポ組織登録票【取りまとめ組織用】!BG19) | BI19: =IF(EXコーポ組織登録票【取りまとめ組織用】!BI19="","",EXコーポ組織登録票【取りまとめ組織用】!BI19) | BK19: =IF(EXコーポ組織登録票【取りまとめ組織用】!BK19="","",EXコーポ組織登録票【取りまとめ組織用】!BK19) | BM19: =IF(EXコーポ組織登録票【取りまとめ組織用】!BM19="","",EXコーポ組織登録票【取りまとめ組織用】!BM19) | BO19: =IF(EXコーポ組織登録票【取りまとめ組織用】!BO19="","",EXコーポ組織登録票【取りまとめ組織用】!BO19) | BQ19: =IF(EXコーポ組織登録票【取りまとめ組織用】!BQ19="","",EXコーポ組織登録票【取りまとめ組織用】!BQ19) | BS19: =IF(EXコーポ組織登録票【取りまとめ組織用】!BS19="","",EXコーポ組織登録票【取りまとめ組織用】!BS19) | BU19: =IF(EXコーポ組織登録票【取りまとめ組織用】!BU19="","",EXコーポ組織登録票【取りまとめ組織用】!BU19) | BW19: =IF(EXコーポ組織登録票【取りまとめ組織用】!BW19="","",EXコーポ組織登録票【取りまとめ組織用】!BW19)
K20: =IF(EXコーポ組織登録票【取りまとめ組織用】!K20="","",EXコーポ組織登録票【取りまとめ組織用】!K20) | M20: =IF(EXコーポ組織登録票【取りまとめ組織用】!M20="","",EXコーポ組織登録票【取りまとめ組織用】!M20) | O20: =IF(EXコーポ組織登録票【取りまとめ組織用】!O20="","",EXコーポ組織登録票【取りまとめ組織用】!O20) | Q20: =IF(EXコーポ組織登録票【取りまとめ組織用】!Q20="","",EXコーポ組織登録票【取りまとめ組織用】!Q20) | S20: =IF(EXコーポ組織登録票【取りまとめ組織用】!S20="","",EXコーポ組織登録票【取りまとめ組織用】!S20) | U20: =IF(EXコーポ組織登録票【取りまとめ組織用】!U20="","",EXコーポ組織登録票【取りまとめ組織用】!U20) | W20: =IF(EXコーポ組織登録票【取りまとめ組織用】!W20="","",EXコーポ組織登録票【取りまとめ組織用】!W20) | Y20: =IF(EXコーポ組織登録票【取りまとめ組織用】!Y20="","",EXコーポ組織登録票【取りまとめ組織用】!Y20) | AA20: =IF(EXコーポ組織登録票【取りまとめ組織用】!AA20="","",EXコーポ組織登録票【取りまとめ組織用】!AA20) | AC20: =IF(EXコーポ組織登録票【取りまとめ組織用】!AC20="","",EXコーポ組織登録票【取りまとめ組織用】!AC20) | AE20: =IF(EXコーポ組織登録票【取りまとめ組織用】!AE20="","",EXコーポ組織登録票【取りまとめ組織用】!AE20) | AG20: =IF(EXコーポ組織登録票【取りまとめ組織用】!AG20="","",EXコーポ組織登録票【取りまとめ組織用】!AG20) | AI20: =IF(EXコーポ組織登録票【取りまとめ組織用】!AI20="","",EXコーポ組織登録票【取りまとめ組織用】!AI20) | AK20: =IF(EXコーポ組織登録票【取りまとめ組織用】!AK20="","",EXコーポ組織登録票【取りまとめ組織用】!AK20) | AM20: =IF(EXコーポ組織登録票【取りまとめ組織用】!AM20="","",EXコーポ組織登録票【取りまとめ組織用】!AM20) | AO20: =IF(EXコーポ組織登録票【取りまとめ組織用】!AO20="","",EXコーポ組織登録票【取りまとめ組織用】!AO20) | AQ20: =IF(EXコーポ組織登録票【取りまとめ組織用】!AQ20="","",EXコーポ組織登録票【取りまとめ組織用】!AQ20) | AS20: =IF(EXコーポ組織登録票【取りまとめ組織用】!AS20="","",EXコーポ組織登録票【取りまとめ組織用】!AS20)
C21: 所在地 | K21: =IF(EXコーポ組織登録票【取りまとめ組織用】!K21="","",EXコーポ組織登録票【取りまとめ組織用】!K21) -> 〒
K22: =IF(EXコーポ組織登録票【取りまとめ組織用】!K22="","",EXコーポ組織登録票【取りまとめ組織用】!K22)
A24: 4 | E24: フリガナ | I24: =IF(EXコーポ組織登録票【取りまとめ組織用】!I24="","",EXコーポ組織登録票【取りまとめ組織用】!I24) | AP24: フリガナ | AT24: =IF(EXコーポ組織登録票【取りまとめ組織用】!AT24="","",EXコーポ組織登録票【取りまとめ組織用】!AT24)
C25: 管理責任者 氏名 | I25: =IF(EXコーポ組織登録票【取りまとめ組織用】!I27="","",EXコーポ組織登録票【取りまとめ組織用】!I27) | AN25: 部署役職 (25文字以内） | AT25: =IF(EXコーポ組織登録票【取りまとめ組織用】!AT25="","",EXコーポ組織登録票【取りまとめ組織用】!AT25)
C27: 管理責任者 メールアドレス
D28: 注意事項 | I28: ※WEB入会をご希望される方はメールアドレスのご記入が必須となります。ＷＥＢ入会に関する当社からのご案内メールをお送りする際に使用します。
A29: 5 | E29: フリガナ | I29: =IF(EXコーポ組織登録票【取りまとめ組織用】!I29="","",EXコーポ組織登録票【取りまとめ組織用】!I29) | AP29: フリガナ | AT29: =IF(EXコーポ組織登録票【取りまとめ組織用】!AT29="","",EXコーポ組織登録票【取りまとめ組織用】!AT29)
C30: 連絡担当者 氏名 | I30: =IF(EXコーポ組織登録票【取りまとめ組織用】!I30="","",EXコーポ組織登録票【取りまとめ組織用】!I30) | AN30: 部署役職 (25文字以内） | AT30: =IF(EXコーポ組織登録票【取りまとめ組織用】!AT30="","",EXコーポ組織登録票【取りまとめ組織用】!AT30)
AT31: ＴＥＬ | AX31: （ | AY31: =IF(EXコーポ組織登録票【取りまとめ組織用】!AY31="","",EXコーポ組織登録票【取りまとめ組織用】!AY31) | BE31: ） | BF31: =IF(EXコーポ組織登録票【取りまとめ組織用】!BF31="","",EXコーポ組織登録票【取りまとめ組織用】!BF31) | BL31: - | BM31: =IF(EXコーポ組織登録票【取りまとめ組織用】!BM31="","",EXコーポ組織登録票【取りまとめ組織用】!BM31)
AT32: ＦＡＸ | AX32: （ | AY32: =IF(EXコーポ組織登録票【取りまとめ組織用】!AY32="","",EXコーポ組織登録票【取りまとめ組織用】!AY32) | BE32: ） | BF32: =IF(EXコーポ組織登録票【取りまとめ組織用】!BF32="","",EXコーポ組織登録票【取りまとめ組織用】!BF32) | BL32: - | BM32: =IF(EXコーポ組織登録票【取りまとめ組織用】!BM32="","",EXコーポ組織登録票【取りまとめ組織用】!BM32)
A33: 6 | C33: 請求書類 （請求明細書） | I33: 作成部数 [ 規定値：１部 ] | AC33: 宛先 [ 規定値：連絡担当者 ]
I35: =IF(EXコーポ組織登録票【取りまとめ組織用】!I35="","",EXコーポ組織登録票【取りまとめ組織用】!I35) | K35: １．１部 | O35: =IF(EXコーポ組織登録票【取りまとめ組織用】!O35="","",EXコーポ組織登録票【取りまとめ組織用】!O35) | Q35: ２．２部 | U35: =IF(EXコーポ組織登録票【取りまとめ組織用】!U35="","",EXコーポ組織登録票【取りまとめ組織用】!U35) | W35: ３．３部 | AC35: =IF(EXコーポ組織登録票【取りまとめ組織用】!AC35="","",EXコーポ組織登録票【取りまとめ組織用】!AC35) | AE35: １．連絡担当者 | AL35: =IF(EXコーポ組織登録票【取りまとめ組織用】!AL35="","",EXコーポ組織登録票【取りまとめ組織用】!AL35) | AN35: ２．管理責任者 | AV35: =IF(EXコーポ組織登録票【取りまとめ組織用】!AV35="","",EXコーポ組織登録票【取りまとめ組織用】!AV35) | AX35: ３．他の組織 | BF35: =IF(EXコーポ組織登録票【取りまとめ組織用】!BF35="","",EXコーポ組織登録票【取りまとめ組織用】!BF35)
A37: 7 | C37: 請求書類 （利用内容明細書） | I37: 作成部数 [ 規定値：１部 ] | AC37: 宛先 [ 規定値：連絡担当者 ]
I39: =IF(EXコーポ組織登録票【取りまとめ組織用】!I39="","",EXコーポ組織登録票【取りまとめ組織用】!I39) | K39: １．１部 | O39: =IF(EXコーポ組織登録票【取りまとめ組織用】!O39="","",EXコーポ組織登録票【取りまとめ組織用】!O39) | Q39: ２．２部 | U39: =IF(EXコーポ組織登録票【取りまとめ組織用】!U39="","",EXコーポ組織登録票【取りまとめ組織用】!U39) | W39: ３．３部 | AC39: =IF(EXコーポ組織登録票【取りまとめ組織用】!AC39="","",EXコーポ組織登録票【取りまとめ組織用】!AC39) | AE39: １．連絡担当者 | AL39: =IF(EXコーポ組織登録票【取りまとめ組織用】!AL39="","",EXコーポ組織登録票【取りまとめ組織用】!AL39) | AN39: ２．管理責任者 | AV39: =IF(EXコーポ組織登録票【取りまとめ組織用】!AV39="","",EXコーポ組織登録票【取りまとめ組織用】!AV39) | AX39: ３．他の組織 | BF39: 送付先組織コード | BR39: =IF(EXコーポ組織登録票【取りまとめ組織用】!BR39="","",EXコーポ組織登録票【取りまとめ組織用】!BR39) | BT39: ４．個人宛
BH40: =IF(EXコーポ組織登録票【取りまとめ組織用】!BH40="","",EXコーポ組織登録票【取りまとめ組織用】!BH40)
A41: 8 | C41: カード 送付先 | I41: 送付先 [ 規定値：管理責任者 ] | BG41: カード会社使用欄
BG42: 利用単位区分 ： １．利用単位 決済単位区分 ： １．利用単位 or ２．非決済単位 疑似組織区分 ： ３．個人組織
I43: =IF(EXコーポ組織登録票【取りまとめ組織用】!I43="","",EXコーポ組織登録票【取りまとめ組織用】!I43) | K43: １．連絡担当者 | R43: =IF(EXコーポ組織登録票【取りまとめ組織用】!R43="","",EXコーポ組織登録票【取りまとめ組織用】!R43) | T43: ２．管理責任者 | AB43: =IF(EXコーポ組織登録票【取りまとめ組織用】!AB43="","",EXコーポ組織登録票【取りまとめ組織用】!AB43) | AD43: ３．他の組織 | AL43: 送付先組織コード | AY43: =IF(EXコーポ組織登録票【取りまとめ組織用】!AY43="","",EXコーポ組織登録票【取りまとめ組織用】!AY43) | BA43: ４．個人宛
AM44: =IF(EXコーポ組織登録票【取りまとめ組織用】!AM44="","",EXコーポ組織登録票【取りまとめ組織用】!AM44)
A46: ●組織決済方式の企業様は以下もご記入ください
A47: お支払方法 | I47: 決済日（振込日）
A49: =IF(EXコーポ組織登録票【取りまとめ組織用】!A49="","",EXコーポ組織登録票【取りまとめ組織用】!A49) | C49: １．振込入金 | I49: =IF(EXコーポ組織登録票【取りまとめ組織用】!I49="","",EXコーポ組織登録票【取りまとめ組織用】!I49) -> 翌月
A51: =IF(EXコーポ組織登録票【取りまとめ組織用】!A51="","",EXコーポ組織登録票【取りまとめ組織用】!A51) | C51: ２．口座引落 | I51: 翌月５日（固定）
AI54: ※お支払方法が「口座引落」の場合は下記預金口座振替依頼書もご記入ください。
BO60: U与管-1-426 改 25.08（3/3）

Sheet 記入サンプル
A1: ユーシーカード株式会社 | P1: 御中 | BM1: 年 | BR1: 月 | BW1: 日
A2: 東海旅客鉄道株式会社 | BX2: ＜記入後 B ＞
A4: UCカードエクスプレスコーポレート組織登録票
A5: （取りまとめ組織用）
A7: ●（既存契約ありの場合）赤枠内は必ずご記入ください。無記入・不備がある場合は返却させていただく場合がございます。
A8: ●項番６～７について「UCコーポ請求・明細書ダウンロードサービス」をご利用いただく場合はご記入不要です。
A9: ●項番６～８についてご指定の無い場合は規定値を設定させていただきます。
A10: 法 人 コ ー ド | O10: 1 | Q10: 1 | S10: 1 | U10: 1 | W10: 4 | Y10: 8 | AA10: 9 | AC10: 0 | AE10: 1 | AG10: 5 | AI10: 0 | AK10: 0
A11: 会 社 名 | O11: オーシャン台場 株式会社
A13: ＜登録組織の情報＞
A14: 1 | C14: 組織コード （左詰め） | K14: 第一組織コード
K15: 0 | M15: 1
A16: 2 | F16: フリガナ | K16: ホ | M16: ン | O16: シ | Q16: ャ
C17: 組織名 （１９文字以内） | K17: 本社
A19: 3 | F19: フリガナ | K19: ト | M19: ウ | O19: キ | Q19: ョ | S19: ウ | U19: ト | W19: ミ | Y19: ナ | AA19: ト | AC19: ク | AE19: タ | AG19: ゛ | AI19: イ | AK19: ハ | AM19: ゛ | AO19: 2 | AQ19: － | AS19: 3 | AU19: － | AW19: 2 | BA19: タ | BC19: ゛ | BE19: イ | BG19: ハ | BI19: ゛ | BK19: ヒ | BM19: ゛ | BO19: ル
AU20: カード会社使用欄 住所コード | BM20: - | BQ20: - | BU20: -
C21: 所在地 | K21: 〒 135-0091※個別郵便番号不可
K22: 東京都港区台場2-3-2 台場ビル
A24: 4 | E24: フリガナ | I24: トウキョウ ジロウ | AP24: フリガナ | AT24: カンリブ ブチョウ
C25: 管理責任者 氏名 | I25: 東京 次郎 | AN25: 部署役職 (25文字以内） | AT25: 管理部 部長
C27: 管理責任者 メールアドレス | I27: jiro.tokyo@～
D28: 注意事項 | I28: ※WEB入会をご希望される方はメールアドレスのご記入が必須となります。ＷＥＢ入会に関する当社からのご案内メールをお送りする際に使用します。
A29: 5 | E29: フリガナ | I29: ダイバ ハナコ | AP29: フリガナ | AT29: カンリブ カチョウ
C30: 連絡担当者 氏名 | I30: 台場 花子 | AN30: 部署役職 (25文字以内） | AU30: 管理部 課長
AT31: ＴＥＬ | AW31: （ | AY31: 0 | AZ31: 3 | BB31: ） | BD31: 1 | BE31: 2 | BF31: 3 | BG31: 4 | BH31: - | BI31: 1 | BJ31: 2 | BK31: 3 | BL31: 4
AT32: ＦＡＸ | AW32: （ | AY32: 0 | AZ32: 3 | BB32: ） | BD32: 1 | BE32: 2 | BF32: 3 | BG32: 4 | BH32: - | BI32: 5 | BJ32: 6 | BK32: 7 | BL32: 8
A33: 6 | C33: 請求書類 （請求明細書） | I33: 作成部数 [ 規定値：１部 ] | AC33: 宛先 [ 規定値：連絡担当者 ]
I35: ✓ | K35: １．１部 | Q35: ２．２部 | W35: ３．３部 | AC35: ✓ | AE35: １．連絡担当者 | AN35: ２．管理責任者 | AX35: ３．他の組織
BZ36: ✓
A37: 7 | C37: 請求書類 （利用内容明細書） | I37: 作成部数 [ 規定値：１部 ] | AC37: 宛先 [ 規定値：連絡担当者 ]
I39: ✓ | K39: １．１部 | Q39: ２．２部 | W39: ３．３部 | AC39: ✓ | AE39: １．連絡担当者 | AN39: ２．管理責任者 | AX39: ３．他の組織 | BF39: 送付先組織コード | BT39: ４．個人宛
A41: 8 | C41: カード 送付先 | I41: 送付先 [ 規定値：管理責任者 ] | BG41: カード会社使用欄
BG42: 利用単位区分 ： ２．非利用単位 決済単位区分 ： ２．非決済単位 疑似組織区分 ： ２．取りまとめ組織
K43: １．連絡担当者 | R43: ✓ | T43: ２．管理責任者 | AD43: ３．他の組織 | AL43: 送付先組織コード | BA43: ４．個人宛
A46: ●組織決済方式の企業様は以下もご記入ください
A47: お支払方法 | I47: 決済日（振込日）
C49: １．振込入金 | I49: 翌月 日
A51: ✓ | C51: ２．口座引落 | I51: 翌月５日（固定）
AI54: ※お支払方法が「口座引落」の場合は下記預金口座振替依頼書もご記入ください。
BO60: U与管-1-426 改 25.08（1/3）
A64: 預金口座振替依頼書・収納代行依頼書
A65: 自動払込利用申込書 | N65: （ | O65: 収 | Q65: ・ | R65: 加 | T65: ）
W66: 1 | X66: 4 | Y66: 8 | Z66: 9
A67: （コーポレートカード・会社一括決済用）
A69: 振替日・払込日 毎月5日（金融機関休業日の場合は翌営業日） | AD69: いずれか一方をご指定のうえご記入ください。 | BD69: 20XX年XX月XX日
BZ70: １．普通・総合
A71: 収 納 企業名 | E71: １．ユーシーカード株式会社 | AG71: 金融機関(ゆうちょ銀行除く) | AI71: 金 融 機関名 | AM71: みずほ | BD71: １ | BF71: 銀行 | BK71: ２ | BM71: 信用金庫 | BR71: ３ | BT71: 労働金庫 | BZ71: ２．当座
E72: ２．ユーシーカード株式会社（SMT） | BD72: ４ | BF72: 信用組合 | BK72: ５ | BM72: 農業協同組合
E73: ３．
A74: 私が上記収納企業（以下「甲」という）から請求された金額を甲に支払うについては、貴社・ 貴行・貴金庫・貴組合（以下総称して「乙」という）における私名義の右記口座から当該金額を 引落しの上支払われたく、下記事項確約の上依頼します。（ゆうちょ銀行の自動払込みを除く） 記 １．甲の私に対する請求金額を記載した引落依頼書が甲から乙に送付された場合は、甲の 指定する日（当日が金融機関休業日の場合は翌営業日）に当該金額を右記口座より、乙の 普通預金規定または当該勘定規定等にかかわらず、普通預金通帳、同払戻請求書または 当座小切手なしで引落しの上、甲の口座へお振込みください。 ２．万一、支払日に私の指定した口座の残高が不足し、甲から送付された引落依頼書の金額 の全部を引落しできない場合は、私に通知することなく引落依頼書を甲に返戻されても、 また任意の金額を支払日以降任意の日に引落しのうえ、振込資金の一部に充当されても 異議ありません。 ３．この契約を解除するときは、私から乙に書面により届出ます。なお、この届出がないまま 長期間にわたり、甲から請求がない等相当の事由があるときは、とくに申出をしない限り 乙はこの契約が終了したものとして取扱ってさしつかえありません。 ４．後日、本取扱いに関し万一紛議を生じた場合は、乙の責によるものを除き、乙に対して 迷惑損害をかけません。 ※ゆうちょ銀行をご指定の場合は自動払込み規定が適用されます。 以 上 | AI74: 支店名 | AM74: みなと | BJ74: 支店 | BM74: 御中 | BP74: ※ | BQ74: 本店ご利用の場合は左記
BJ75: 出張所 | BQ75: に「本店」とご記入ください。
AI76: 預 金 種 目 | BD76: 口 座 番 号 | BL76: 右づめでご記入ください▼
AI77: １ | AK77: 普通（総合） | AP77: ２ | AR77: 当座 | BD77: 0 | BG77: 1 | BJ77: 2 | BM77: 3 | BP77: 4 | BS77: 5 | BV77: 6
AG79: ゆうちょ銀行 | AI79: 記 号 | BA79: 番 号 | BL79: 右づめでご記入ください▼
AI80: １ | AL80: 2 | AO80: 3 | AR80: 4 | AU80: ０ | AX80: ※ | BA80: 1 | BD80: 2 | BG80: 3 | BJ80: 4 | BM80: 5 | BP80: 6 | BS80: 7 | BV80: 8
AR82: 契約種別コード | BC82: 払込先口座番号 | BK82: 払込先加入者名
AR83: 30 | BC83: 00170-9-64634 | BK83: ユーシーカード株式会社
AG84: ※通帳の記号のあとにハイフンと数字がある場合は※欄にご記入ください。
AG85: 口座名義人 | AI85: フリガナ | AN85: オーシャンダイバ（カ ダイヒョウトリシマリヤクシャチョウ ヤマダタロウ
AI86: オーシャン台場株式会社 代表取締役社長 山田太郎
A88: 使用欄 カード会社
D89: 法人コード | I89: 1 | J89: 1 | K89: 1 | L89: 1 | P89: 0
AG90: *肩書・代表者名を必ずご記入ください。
D91: 受付日 | AV91: (サイン取引の 方はサイン） 金融機関届出印 | BL91: (サイン取引の 方はサイン） 金融機関届出印 押し直し欄
AG92: *一部ネット銀行など、金融機関届出印やサインなどのお取引きをされていない場合、空欄のままご返送ください。
A94: 金融機関使用欄 | B94: （不備返却事由） １．印相違 ２．印鑑不鮮明 ３．記号、番号相違 ４．口座該当なし ５．名義人相違 6．支店名相違 7．サイン取引 8.（ ） | L94: 検印 | P94: 印鑑照合 | U94: 不 備 送 付 先
U95: 〒170-0013
U96: 東京都豊島区東池袋4-7-7 住友不動産池袋東ﾋﾞﾙ
U97: ユーシーカード株式会社 | AG97: 金融機関 | AN97: 支 店
U98: 事務サービス第一部 | AG98: コード | AN98: コード
U99: 事務課 口座・カード係 口座修正担当
